 Dungeon Crawl Stone Soup version 0.19.1 (webtiles) character file.

179 Gargoyl the Skirmisher (level 5, 0/46 HPs)
             Began as a Ghoul Abyssal Knight on Dec 22, 2016.
             Was a Believer of Lugonu.
             Slain by Sigmund
             ... wielding a +0 scythe
              (3 damage)
             ... on level 3 of the Dungeon.
             The game lasted 00:05:59 (2267 turns).

Gargoyl the Skirmisher (Ghoul Abyssal Knight)       Turns: 2267, Time: 00:05:59

Health: 0/46       AC: 11    Str: 16    XL:     5   Next: 59%
Magic:  6/6        EV:  6    Int:  7    God:    Lugonu [**....]
Gold:   122        SH:  0    Dex:  9    Spells: 0 memorised, 4 levels left

rFire  + + .     SeeInvis .     a - +2 hand axe
rCold  + + .     Gourm    .     k - +0 chain mail
rNeg   + + +     Faith    .     e - +0 buckler
rPois  ∞         Spirit   .     h - +0 helmet
rElec  +         Reflect  .     (no cloak)
rCorr  +         Harm     .     f - +0 pair of gloves
MR     .....                    (no boots)
Stlth  ..........               (no amulet)
                                (no ring)
                                d - ring of protection from fire

@: confused, resistant, rotting
A: rotting body, claws 1, carnivore 3, cold resistance 1, negative energy
resistance 3, slow regeneration 1, torment resistance, unbreathing
a: Depart the Abyss, Bend Space, Renounce Religion


You were on level 3 of the Dungeon.
You worshipped Lugonu.
Lugonu was pleased with you.
You were not hungry.

You visited 1 branch of the dungeon, and saw 3 of its levels.
You visited the Abyss 1 time.

You collected 122 gold pieces.

Inventory:

Hand Weapons
 a - a +2 hand axe (weapon)
 g - a +0 trident
Armour
 e - a +0 buckler (worn)
 f - a +0 pair of gloves (worn)
 h - a +0 helmet (worn)
 k - a +0 chain mail (worn)
Jewellery
 d - a ring of protection from fire (left hand)
Scrolls
 b - 3 scrolls of remove curse
 l - a scroll of enchant weapon
 m - 2 scrolls of teleportation {unknown}
 o - 2 scrolls of magic mapping {unknown}
Comestibles
 c - 3 meat rations
 i - a slice of pizza


   Skills:
 + Level 4.1 Fighting
 + Level 2.5 Axes
 * Level 3.5 Armour
 + Level 1.1 Dodging
 + Level 0.1 Shields
 * Level 3.0 Invocations


You had 4 spell levels left.
You didn't know any spells.

Dungeon Overview and Level Annotations

Branches:
Dungeon (3/15)

Altars:

Annotations:
D:3 Sigmund


Innate Abilities, Weirdness & Mutations

Your body is rotting away.
You thrive on raw meat.
You are immune to poison.
You have sharp fingernails.
You are carnivorous and can eat meat at any time.
Your flesh is cold resistant. (rC+)
You are immune to negative energy. (rN+++)
You regenerate slowly when monsters are visible.
You are immune to unholy pain and torment.
You can survive without breathing.


Message History

You feel more resilient.
This raw flesh tastes great!
Okay, then.
You closely miss something. You slash something!
Something hits you but does no damage.
You miss something. Something hits you!
* * * LOW HITPOINT WARNING * * *
You hit something.
You hear some strange, mumbled words.
You are confused.
Okay, then.
Unknown command.
It was a potion of resistance.
You feel protected. Something hits you.
* * * LOW HITPOINT WARNING * * *
You hit something but do no damage. Something hits you but does no damage.
Things that are here:
a whip; an orc corpse You butcher the orc corpse.
Something hits you.
You die...

......#..###...........
........## #.#.........
........# #......[.(..
........# #...##......
........# ##....#......
.....[..###..........#.
.............##.....##
........##....#.†##.#
#####...#......(@.#.#
.#....##...)...# #..#..
#.###{.....# ...
..##..# #... ...# .#
#.. ...$. . ... ##....
... ..##. ...


There were no monsters in sight!

Vanquished Creatures
  Ijyb (D:2)
  Terence (D:1)
  Robin (D:2)
  3 adders
  An adder skeleton (D:3)
  2 worms (D:2)
  A dart slug (D:2)
  6 leopard geckos
  2 orcs (D:3)
  5 bats
  4 giant cockroaches
  17 goblins
  6 hobgoblins
  2 jackals (D:1)
  2 ball pythons (D:2)
  6 frilled lizards
  5 kobolds
  5 rats
70 creatures vanquished.

Notes
Turn   | Place    | Note
-------+----------+-------------------------------------------
     0 | Abyss:1  | Gargoyl the Ghoul Abyssal Knight began the quest for the Orb.
     0 | Abyss:1  | Reached XP level 1. HP: 19/19 MP: 1/1
   106 | D:1      | Escaped the Abyss
   228 | D:1      | Reached XP level 2. HP: 26/26 MP: 2/2
   254 | D:1      | Reached skill level 1 in Dodging
   307 | D:1      | Reached * piety under Lugonu
   600 | D:2      | Reached XP level 3. HP: 33/33 MP: 3/3
   690 | D:2      | Noticed Robin
   750 | D:2      | Noticed Terence
   986 | D:1      | Killed Terence
   986 | D:1      | Reached skill level 4 in Fighting
   986 | D:1      | Reached XP level 4. HP: 14/40 MP: 3/5
  1134 | D:2      | Killed Robin
  1477 | D:2      | Noticed Ijyb
  1488 | D:2      | Killed Ijyb
  1488 | D:2      | Reached XP level 5. HP: 38/46 MP: 6/6
  1596 | D:2      | Reached ** piety under Lugonu
  2240 | D:3      | Noticed Sigmund
  2267 | D:3      | Slain by Sigmund

Skill      XL: |  1  2  3  4  5 |
---------------+----------------+-----
Dodging        | 1 |  1.1
Armour         | 2 3 |  3.5
Axes           | 2 |  2.5
Fighting       | 4 |  4.1
Invocations    | 3 |  3.0
Shields        | |  0.1

Action                   |  1- 3 |  4- 6 || total
-------------------------+-------+-------++-------
Melee: Hand axe          |   101 |   148 ||   249
Invok: Depart the Abyss  |     1 |       ||     1
  Use: Potion            |     1 |     1 ||     2
       Scroll            |       |     5 ||     5
  Eat: Chunk             |     8 |    19 ||    27
Armor: Leather armour    |     6 |       ||     6
       Ring mail         |    33 |       ||    33
       Scale mail        |       |    14 ||    14
       Chain mail        |       |    85 ||    85
Dodge: Dodged            |    54 |    75 ||   129
Block: Buckler           |    10 |    22 ||    32
